 Dungeon Crawl Stone Soup version 0.30-a0-605-gb2882149bf (webtiles) character file.

Game seed: 17444960786704105157

132 cforsyth the Sneak (level 4, -3/37 HPs)
             Began as a Demonspawn Delver on Jan 8, 2023.
             Slain by a gnoll bouda
             ... wielding a +0 club
              (8 damage)
             ... on level 4 of the Dungeon.
             The game lasted 00:02:23 (908 turns).

cforsyth the Sneak (Demonspawn Delver)               Turns: 908, Time: 00:02:23

Health: -3/37      AC:  6    Str: 13    XL:     4   Next: 92%
Magic:  4/4        EV: 11    Int: 13    God:
Gold:   61         SH:  4    Dex: 14    Spells: 3/3 levels left

rFire   . . .      SeeInvis .    a - +0 falchion
rCold   . . .      Faith    .    (no shield)
rNeg    . . .      Spirit   .    j - +1 ring mail of the New World {rPois}
rPois   +          Reflect  .    (no helmet)
rElec   .          Harm     .    (no cloak)
rCorr   .          Rampage  .    (no gloves)
Will    .....                    (no boots)
Stlth   ++                       (no amulet)
HPRegen 0.26/turn                (no ring)
MPRegen 0.09/turn                (no ring)

@: hasted, very quick
A: condensation shield
a: no special abilities


You were on level 4 of the Dungeon.
You visited 1 branch of the dungeon, and saw 3 of its levels.

You collected 61 gold pieces.

Inventory:

Hand Weapons
 a - a +0 falchion (weapon)
Armour
 b - a +0 leather armour
 j - the +1 ring mail of the New World (worn) {rPois}
   (You found it on level 5 of the Dungeon)

   rPois:     It protects you from poison.
Wands
 g - a wand of digging (3)
Scrolls
 c - a scroll of fog
 d - a scroll of magic mapping
 e - a scroll of fear
 k - a scroll of identify {unknown}
 m - a scroll of brand weapon {unknown}
Potions
 h - a potion of brilliance {unknown}
 i - a potion of flight {unknown}
 l - a potion of cancellation {unknown}


   Skills:
 + Level 3.8 Fighting
 + Level 2.7 Long Blades
 + Level 2.7 Dodging
 + Level 5.1 Stealth


You had 3 spell levels left.
You didn't know any spells.
Your spell library contained the following spells:

 Spells                   Type           Power      Damage    Failure   Level
 Magic Dart               Conj           0%         1d3       56%         1
 Call Imp                 Summ           0%         N/A       71%         2
 Mephitic Cloud           Conj/Pois/Air  0%         N/A       90%         3


Dungeon Overview and Level Annotations

Branches:
Dungeon (6/15)
 Temple: D:4-7

Altars:
Trog
Yredelemnul


Innate Abilities, Weirdness & Mutations

A meltable shield of frost defends you. (SH +4)


Message History

You completely miss the gnoll bouda.
The gnoll bouda is lightly wounded.
You block the gnoll's attack. The gnoll bouda misses you.
You hit the gnoll bouda.
The gnoll bouda is moderately wounded.
The gnoll hits you from afar with a +0 spear.
The gnoll bouda closely misses you.
The ball python hisses angrily.
You hit the gnoll bouda but do no damage.
The gnoll bouda is moderately wounded.
You hit the gnoll bouda.
The gnoll bouda is moderately wounded.
The gnoll hits you from afar with a +0 spear.
You block the gnoll bouda's attack.
You hit the gnoll bouda.
The gnoll bouda is heavily wounded.
The gnoll bouda hits you with a +0 club.
* * * LOW HITPOINT WARNING * * *
The gnoll hits you but does no damage.
You hit the gnoll bouda but do no damage.
The gnoll bouda is heavily wounded.
The gnoll bouda hits you with a +0 club.
* * * LOW HITPOINT WARNING * * *
The gnoll hits you from afar with a +0 spear.
* * * LOW HITPOINT WARNING * * *
You hit the gnoll bouda but do no damage.
The gnoll bouda is heavily wounded.
You hit the gnoll bouda.
The gnoll bouda is almost dead.
The gnoll hits you but does no damage. The gnoll bouda closely misses you.
You hit the gnoll bouda.
The gnoll bouda is almost dead.
The gnoll bouda utters an invocation to its god.
The gnoll bouda is healed somewhat.
The gnoll hits you from afar with a +0 spear.
* * * LOW HITPOINT WARNING * * *
You hit the gnoll bouda.
The gnoll bouda is almost dead.
The gnoll bouda hits you with a +0 club!
You die...

.......
.......
#......
#......
..... ##
... ..
#.###.###..
#.@ggg.....
#####g##...
#


You could see a gnoll bouda and 3 gnolls.

Vanquished Creatures
  3 hounds
  A gnoll (D:4)
  2 adders
  An ufetubus (D:5)
  A dart slug (D:5)
  2 orcs
  A hobgoblin (D:4)
  A quokka (D:5)
12 creatures vanquished.

Notes
Turn   | Place    | Note
-------+----------+-------------------------------------------
     0 | D:5      | cforsyth the Demonspawn Delver began the quest for the Orb.
     0 | D:5      | Reached XP level 1. HP: 18/18 MP: 1/1
    90 | D:6      | Gained mutation: A meltable shield of frost defends you.
                  | (SH +4) [demonic ancestry]
    90 | D:6      | Reached XP level 2. HP: 21/24 MP: 2/2
   331 | D:6      | Reached XP level 3. HP: 16/29 MP: 3/3
   597 | D:6      | Noticed an ogre
   621 | D:5      | Reached XP level 4. HP: 25/35 MP: 4/4
   766 | D:5      | Identified the +1 ring mail of the New World {rPois}
   773 | D:5      | Reached skill level 5 in Stealth
   908 | D:4      | Slain by a gnoll bouda

Illustrated notes

Levels and vault maps discovered:
D:4:      layout_basic, nemelex_altar_shiori, cheibriados_altar_1,
          portal_sewer_entry_e, minmay_quadrilaterals
D:5:      layout_rooms, nicolae_overflow_hidden_temple, serial_shops,
          nicolae_shop_trees, hex_intersection
D:6:      layout_rooms, nicolae_ru_the_path_less_chosen,
          lemuel_coloured_pillars_altar, minmay_temple_entry_glassed_door,
          grunt_decor_arrowhead, minmay_manual_mandibuliform

Skill      XL: |  1  2  3  4 |
---------------+-------------+-----
Long Blades    | 2 |  2.7
Dodging        | 2 |  2.7
Stealth        | 5 |  5.1
Fighting       | |  3.8

Action                   |  1- 3 |  4- 6 || total
-------------------------+-------+-------++-------
Melee: Falchion          |    40 |    42 ||    82
       Punch             |     1 |     2 ||     3
  Use: Potion            |       |     1 ||     1
Armor: Ring mail         |    11 |    15 ||    26
Dodge: Dodged            |    29 |    28 ||    57
Block: Other             |     5 |    13 ||    18

Table legend: (Time is in decaauts)
 A = Elapsed time spent in this place.
 B = Non-inter-level travel time spent in this place.
 C = Inter-level travel time spent in this place.
 D = Time resting spent in this place.
 E = Time spent auto-exploring this place.
 F = Levels seen in this place.
 G = Mean time per level.
                   A        B        C        D        E       F      G
               +--------+--------+--------+--------+--------+-----+--------+
         Total |    918 |    918 |      0 |    592 |      0 |   3 |  306.0 |
       Dungeon |    918 |    918 |      0 |    592 |      0 |   3 |  306.0 |
               +--------+--------+--------+--------+--------+-----+--------+

Top non-repeatable levels by time:
     D:6: 550 daAuts
     D:5: 336 daAuts
     D:4: 32 daAuts
